cohdb
Replays
Latest Replays
All Replays
Popular Replays
Top Player Replays
Match Explorer
How It Works
Community
CoH3 Stats
Reddit
Sign in to upload your games and track your stats! →
Sign in with Steam
Match 42495653
Unlisted
Match 42495653
Overview
Messages
Build Orders
End
Kradschützen Motorcycle Team
Selects Panzerjäger Kommand Battlegroup
Selects Blockade Equipment
250 Light Carrier
Panzergrenadier Squad
Construct Light Support Kompanie
Panzergrenadier Squad
Combat Half-tracks
2.5-tonne Medical Truck
Advanced Field Repairs
Panzerjäger Squad
Panzerjäger Squad
Selects Tank Busters
Fire Support Elements
Flakvierling Half-track
Selects Defensive Positions
Vehicle Survival Package
Veteran Squad Leaders
Tungsten Core Ammunition
Construct Panzerarmee Kommand
Panzer III L Medium Tank
Selects Crew Shock Tactics
Colbear
simranjitsingh713
[SPF] Artanis
SuspectMule
kultiras
muie mihnea
0
0
Comments
sign in to comment!
No comments posted yet!